 Dungeon Crawl Stone Soup version 0.18.1-6-gd335043 (webtiles) character file.

145 Jerry the Twirler (level 5, 0/42 HPs)
             Began as a Minotaur Gladiator on May 16, 2016.
             Slain by shizyaka's ghost (8 damage)
             ... on level 4 of the Dungeon.
             The game lasted 00:07:09 (1830 turns).

Jerry the Twirler (Minotaur Gladiator)              Turns: 1830, Time: 00:07:10

Health: 0/42       AC:  4    Str: 21    XL:     5   Next: 6%
Magic:  4/4        EV: 12    Int:  9    God:
Gold:   73         SH:  0    Dex: 10    Spells: 0 memorised, 4 levels left

rFire  . . .     SeeInvis .     a - +0 quarterstaff
rCold  . . .     Gourm    .     b - +0 leather armour
rNeg   . . .     Faith    .     (shield currently unavailable)
rPois  +         Spirit   .     c - +0 hat
rElec  .         Dismiss  .     (no cloak)
rCorr  .         Reflect  .     l - +0 pair of gloves
SustAt .         Harm     .     (no boots)
MR     .....                    r - amulet of magic regeneration
Stlth  +.........               (no ring)
                                (no ring)

@: very slightly contaminated, hasted, very quick, not resistant to hostile
enchantments, very unstealthy
A: retaliatory headbutt, horns 2, clever 2, poison resistance
a: no special abilities


You were on level 4 of the Dungeon.
You were very hungry.

You visited 1 branch of the dungeon, and saw 4 of its levels.

You collected 73 gold pieces.

Inventory:

Hand Weapons
 a - a +0 quarterstaff (weapon)
Missiles
 d - 3 throwing nets (quivered)
Armour
 b - a +0 leather armour (worn)
 c - a +0 hat (worn)
 l - a +0 pair of gloves (worn)
Jewellery
 r - an amulet of magic regeneration (around neck)
Wands
 q - a wand of confusion (24/48)
Scrolls
 i - 3 scrolls of remove curse
 m - 3 scrolls of blinking
 s - a scroll of noise {unknown}
Potions
 e - 2 potions of curing
 t - a potion of brilliance {unknown}
 u - a potion of agility {unknown}
Comestibles
 f - 2 bread rations
 g - 2 meat rations
 j - 4 slices of pizza
 k - a beef jerky
 p - 8 fruits


   Skills:
 - Level 2.4 Fighting
 + Level 5.6 Staves
 - Level 2.0 Throwing
 + Level 3.9 Armour
 - Level 3.2 Dodging


You had 4 spell levels left.
You didn't know any spells.

Dungeon Overview and Level Annotations

Branches:
Dungeon (4/15)
 Temple: D:4-7

Altars:
Zin

Annotations:
D:4 shizyaka's ghost, amateur MiGl


Innate Abilities, Weirdness & Mutations

You reflexively headbutt those who attack you in melee.
You have a pair of horns on your head.
Your mind is very acute. (Int +4)
Your system is resistant to poisons.


Message History

You are feeling very hungry.
Drink which item? (? for menu, Esc to quit)
You feel better.
You hear the slow rusting of a distant drain.
Shizyaka's ghost barely misses you.
You hit shizyaka's ghost but do no damage.
Shizyaka's ghost is lightly damaged.
You closely miss shizyaka's ghost. Your headbutt misses shizyaka's ghost.
Shizyaka's ghost is lightly damaged.
Shizyaka's ghost hits you.
You barely miss shizyaka's ghost.
Shizyaka's ghost is lightly damaged.
Shizyaka's ghost hits you!
* * * LOW HITPOINT WARNING * * *
You miss shizyaka's ghost. You headbutt shizyaka's ghost!
Shizyaka's ghost is heavily damaged.
You hit shizyaka's ghost but do no damage.
Shizyaka's ghost is heavily damaged.
Shizyaka's ghost hits you!
You die...

#.# #.#....#.######### #.
######.# ###.#...#.......(.#####.
.....).###.........##.##.#.......
.#...#.............##.##.#.######
.#..###.##.........##W##...#
.....#..######...####.####.#
.###...## #...# #.####.# .....#.#
##.W# #......# .....#.# ##@#
######## .##.##.# #.# .##.##. #.#
.##.... #.# ...... ######.####
.###... #.........# ##
#.#.##..#.# .# #.#.##..#.# .#
#.#.....#.#


You could see shizyaka's ghost.

Vanquished Creatures
  A crimson imp (D:3)
  Ijyb (D:2)
  3 adders
  An ooze (D:2)
  A worm (D:2)
  A dart slug (D:1)
  3 giant geckos
  7 bats
  3 giant cockroaches
  3 goblins
  4 hobgoblins
  6 jackals
  A quokka (D:3)
  3 giant newts
  5 kobolds
  6 rats
49 creatures vanquished.

Notes
Turn   | Place    | Note
--------------------------------------------------------------
     0 | D:1      | Jerry the Minotaur Gladiator began the quest for the Orb.
     0 | D:1      | Reached XP level 1. HP: 18/18 MP: 0/0
    68 | D:1      | Reached skill level 1 in Armour
   242 | D:1      | Reached skill level 4 in Staves
   242 | D:1      | Reached XP level 2. HP: 25/25 MP: 1/1
   617 | D:2      | Reached XP level 3. HP: 18/30 MP: 2/2
   900 | D:2      | Noticed Ijyb
   908 | D:2      | Killed Ijyb
   908 | D:2      | Reached skill level 5 in Staves
   908 | D:2      | Reached XP level 4. HP: 31/37 MP: 3/3
  1136 | D:3      | Found a glowing silver altar of Zin.
  1585 | D:3      | Reached XP level 5. HP: 40/42 MP: 4/4
  1774 | D:4      | Noticed shizyaka's ghost (amateur MiGl)
  1778 | D:4      | Gained mutation: Your mind is acute. (Int +2) [potion of mutation]
  1778 | D:4      | Gained mutation: Your system is resistant to poisons. [potion of mutation]
  1778 | D:4      | Gained mutation: Your mind is very acute. (Int +4) [potion of mutation]
  1830 | D:4      | Slain by shizyaka's ghost

Skill      XL: |  1  2  3  4 |
---------------+-------------+-----
Armour         | 1 2 3 |  3.9
Staves         | 4 5 |  5.6
Fighting       | |  2.4
Throwing       | |  2.0
Dodging        | |  3.2

Action                   |  1- 3 |  4- 6 || total
-------------------------+-------+-------++-------
Melee: Quarterstaff      |    78 |    63 ||   141
       Headbutt          |    15 |     6 ||    21
  Use: Scroll            |       |     7 ||     7
       Potion            |       |     3 ||     3
  Eat: Chunk             |       |     2 ||     2
Armor: Leather armour    |    23 |    20 ||    43
Dodge: Dodged            |    61 |    43 ||   104
